 Dungeon Crawl Stone Soup version 0.18-a0-1747-g18c4181 (webtiles) character file.

23548 dobroeutro the Fighter (level 13, 0/89 HPs)
             Began as a Gargoyle Fighter on Apr 12, 2016.
             Was the Champion of Okawaru.
             Slain by a six-headed hydra (6 damage)
             ... on level 13 of the Dungeon.
             The game lasted 00:39:20 (12899 turns).

dobroeutro the Fighter (Gargoyle Fighter)          Turns: 12899, Time: 00:39:20

Health: 0/89       AC: 35    Str: 26    XL:     13   Next: 7%
Magic:  0/13       EV:  9    Int: 10    God:    Okawaru [******]
Gold:   852        SH:  0    Dex: 12    Spells: 0 memorised, 12 levels left

rFire  . . .     SeeInvis .     e - +5 mace of Pride {crush, +Blink}
rCold  . . .     Gourm    .     C - +3 chain mail
rNeg   + . .     Faith    .     (no shield)
rPois  ∞         Spirit   +     s - +2 hat
rElec  +         Dismiss  .     F - +0 cloak {+Inv}
rCorr  .         Reflect  .     (no gloves)
SustAt .         Harm     .     V - +0 pair of boots {run}
MR     .....                    t - amulet of guardian spirit
Stlth  ..........               o - +3 ring of protection
                                X - ring of the Princess {+Inv Str+3 Stlth+}

@: quick, not resistant to hostile enchantments, extremely unstealthy
A: slimy green scales 1, thin skeletal structure 1, blink, negative energy
resistance 1, electricity resistance, unbreathing, petrification resistance, rot
immunity, AC +9
a: Blink, Heroism, Finesse, Renounce Religion, Evoke Blink, Evoke Invisibility


You were on level 13 of the Dungeon.
You worshipped Okawaru.
Okawaru was exalted by your worship.
You were hungry.

You visited 2 branches of the dungeon, and saw 14 of its levels.
You also visited: Bailey.

You collected 852 gold pieces.

Inventory:

Hand Weapons
 d - the +7 halberd of Bloody Death {freeze, rC+}
   (You found it in a bailey)

   It has been specially enchanted to freeze those struck by it, causing extra
   injury to most foes and up to half again as much damage against particularly
   susceptible opponents.
   It can also slow down cold-blooded creatures.
   It protects you from cold.
 e - the +5 mace of Pride (weapon) {crush, +Blink}
   (You found it on level 6 of the Dungeon)

   It inflicts extra damage upon your enemies.
   It lets you blink.
Missiles
 q - 5 javelins (quivered)
Armour
 c - a +0 shield
 s - a +2 hat (worn)
 v - a +0 chain mail of fire resistance
 z - a +2 buckler
 C - a +3 chain mail (worn)
 F - a +0 cloak of invisibility (worn)
 V - a +0 pair of boots of running (worn)
Jewellery
 o - a +3 ring of protection (right hand)
 t - an amulet of guardian spirit (around neck)
 x - a +3 ring of evasion
 E - the ring "Luolityu" {+Inv rPois rN+}
   (You found it on level 6 of the Dungeon)

   [ring of poison resistance]

   It protects you from poison.
   It protects you from negative energy.
   It lets you turn invisible.
 P - a cursed amulet of regeneration
 X - the ring of the Princess (left hand) {+Inv Str+3 Stlth+}
   (You found it on level 10 of the Dungeon)

   [ring of stealth]

   It affects your strength (+3).
   It lets you turn invisible.
   It makes you more stealthy.
Wands
 h - a wand of digging (17/24)
 i - a wand of flame (22/48)
 G - a wand of disintegration (11/24)
 W - a wand of paralysis (5/24)
 Y - a wand of flame (17/48)
Scrolls
 b - 2 scrolls of fear
 g - 13 scrolls of identify
 p - 5 scrolls of teleportation
 y - 2 scrolls of remove curse
 A - 2 scrolls of enchant weapon {unknown}
 H - a scroll of blinking {unknown}
 I - a scroll of noise {unknown}
 J - a scroll of amnesia {unknown}
 K - a scroll of enchant armour {unknown}
 L - 2 scrolls of immolation {unknown}
 M - a scroll of acquirement {unknown}
 R - 3 scrolls of magic mapping
 T - 2 scrolls of fog {unknown}
 Z - a scroll of summoning {unknown}
Potions
 a - a potion of resistance {unknown}
 k - a potion of invisibility
 l - 11 potions of degeneration
 m - 3 potions of berserk rage {unknown}
 n - 2 potions of beneficial mutation {unknown}
 r - 2 potions of magic {unknown}
 w - a potion of ambrosia {unknown}
 B - 2 potions of brilliance {unknown}
 D - 6 potions of curing {unknown}
 O - a potion of haste
 Q - a potion of might
 S - 3 potions of cure mutation {unknown}
Comestibles
 f - a bread ration
 j - 7 beef jerkies
 u - 9 slices of pizza
 N - 4 meat rations
 U - 22 fruits


   Skills:
 + Level 13.9 Fighting
   Level 0.3 Short Blades
 + Level 7.1 Maces & Flails
 + Level 13.4 Armour
 + Level 11.5 Shields
 - Level 0.2 Invocations
 - Level 1.0 Evocations


You had 12 spell levels left.
You didn't know any spells.

Dungeon Overview and Level Annotations

Branches:
Dungeon (13/15)            Temple (1/1) D:6            Lair (0/8) D:10
    Orc (0/2) D:11
 Vaults: D:13-14

Altars:
Ashenzari
Cheibriados
Elyvilon
Gozag
Kikubaaqudgha
Okawaru
Ru
Sif Muna
Trog
Vehumet
Xom

Shops:
D:6 *

Annotations:
D:12 Rupert


Innate Abilities, Weirdness & Mutations

You are resistant to torment.
Your stone body is resilient (AC +9).
You are immune to poison.
You resist negative energy.
You are resistant to electric shocks.
You can survive without breathing.
You are immune to petrification.
You are immune to rotting.
You are partially covered in slimy green scales (AC +2).
You have a somewhat thin skeletal structure (Dex +2, Stealth).
You can translocate small distances at will.


Message History

A jelly comes into view.
Your chain mail prevents you from hitting the six-headed hydra.
The six-headed hydra is severely wounded.
The jelly quivers.
Something hits you.
* * * LOW HITPOINT WARNING * * *
Something hits you but does no damage. The six-headed hydra bites you!
* * * LOW HITPOINT WARNING * * *
The six-headed hydra bites you.
* * * LOW HITPOINT WARNING * * *
The six-headed hydra bites you but does no damage.
The six-headed hydra bites you.
* * * LOW HITPOINT WARNING * * *
The six-headed hydra barely misses you.
The six-headed hydra bites you but does no damage.
Drink which item? (? for menu, Esc to quit)
Okay, then.
You sock something! Something hits you but does no damage.
The six-headed hydra bites you!
You die...

#.........#
.........#
........#
.D.J...####
....?....#
........#
##.......##
#D.........
#@.......#
#........#
#........#
#.###.####
#.# .# )..
.# .... .
....## #
#####


You could see a six-headed hydra and a jelly.

Vanquished Creatures
  Gastronok (D:12)
  An orc warlord (Bailey)
  A hydra (D:11)
  2 unseen horrors (D:11)
  6 hill giants
  An ugly thing (D:12)
  A cyclops (D:12)
  A gargoyle (D:11)
  4 trolls
  Grinder (D:3)
  A slime creature (D:12)
  A two-headed ogre (D:12)
  A boulder beetle (D:11)
  The ghost of dohliylev the Shield-Bearer, an amateur GrFi (D:4)
  A shadow (D:12)
  A wyvern (D:10)
  2 wraiths (D:11)
  15 yaks
  A hungry ghost (D:11)
  2 steam dragons
  8 hippogriffs
  A soldier ant (D:10)
  A swamp drake (D:11)
  11 orc warriors
  3 eyes of draining
  2 sky beasts
  6 ice beasts
  2 necrophages
  3 black bears
  7 ogres
  11 centaurs
  5 giant frogs
  13 big kobolds
  Blork the orc (D:6)
  2 gnoll sergeants
  2 wyvern skeletons
  5 scorpions
  4 wights (D:8)
  4 killer bees (D:11)
  3 howler monkeys
  3 crimson imps
  2 centaur zombies
  A quasit (D:11)
  4 hounds
  A centaur skeleton (D:9)
  4 giant frog skeletons
  4 orc priests
  A jelly (D:7)
  A gnoll shaman (D:5)
  Crazy Yiuf (D:6)
  Jessica (D:3)
  5 iguanas
  16 orc wizards
  16 worker ants
  2 sheep (D:11)
  A worker ant zombie (D:8)
  Robin (D:3)
  13 gnolls
  13 adders
  A shadow imp (D:12)
  An ooze (D:7)
  An adder skeleton (D:10)
  2 worms
  A dart slug (D:2)
  2 giant geckos
  53 orcs
  6 giant cockroaches
  21 goblins
  9 hobgoblins
  44 kobolds
  4 quokkas
  A ball python (D:1)
  A ball python skeleton (D:6)
  9 bats
  A giant cockroach zombie (D:6)
  A giant newt (D:1)
  7 rats
394 creatures vanquished.

Vanquished Creatures (others)
  The ghost of Ijustatesigmund the Fighter, a novice OgHu of Okawaru (D:6)
  A plant (D:11)
2 creatures vanquished.

Grand Total: 396 creatures vanquished

Notes
Turn   | Place    | Note
--------------------------------------------------------------
     0 | D:1      | dobroeutro the Gargoyle Fighter began the quest for the Orb.
     0 | D:1      | Reached XP level 1. HP: 14/14 MP: 1/1
   587 | D:2      | Reached XP level 2. HP: 9/19 MP: 2/2
   664 | D:2      | Reached XP level 3. HP: 12/24 MP: 3/3
   976 | D:2      | Reached XP level 4. HP: 27/29 MP: 4/4
  1357 | D:3      | Noticed Jessica
  1363 | D:3      | Killed Jessica
  1429 | D:3      | Noticed Robin
  1441 | D:3      | Killed Robin
  1441 | D:3      | Reached XP level 5. HP: 22/33 MP: 5/5
  1648 | D:3      | Reached skill level 5 in Shields
  1701 | D:3      | Noticed Grinder
  1710 | D:3      | Paralysed by Grinder for 6 turns
  1723 | D:3      | Paralysed by Grinder for 6 turns
  1731 | D:3      | Paralysed by Grinder for 3 turns
  1747 | D:3      | Paralysed by Grinder for 3 turns
  1755 | D:3      | Killed Grinder
  1755 | D:3      | Reached XP level 6. HP: 39/39 MP: 6/6
  2052 | D:4      | Reached XP level 7. HP: 4/44 MP: 7/7
  2643 | D:4      | Reached skill level 5 in Fighting
  2643 | D:4      | Reached skill level 5 in Armour
  2826 | D:4      | Noticed dohliylev's ghost (amateur GrFi)
  2856 | D:4      | Killed dohliylev's ghost
  2856 | D:4      | Reached XP level 8. HP: 9/50 MP: 8/8
  3575 | D:5      | Entered Level 5 of the Dungeon
  3599 | D:5      | Got a crystal short sword
  3601 | D:5      | Identified the +1 short sword of Defenestration {venom, rC+ rN+ Int+3} (You found it on level 5 of the Dungeon)
  3686 | D:5      | Reached skill level 5 in Maces & Flails
  4257 | D:5      | Found a radiant altar of Vehumet.
  4273 | D:5      | Found a shimmering altar of Xom.
  4544 | D:6      | Noticed Ijustatesigmund's ghost (novice OgHu)
  5009 | D:5      | Reached XP level 9. HP: 43/56 MP: 9/9
  5392 | D:6      | Banished Ijustatesigmund's ghost
  5400 | D:6      | Noticed Blork the orc
  5410 | D:6      | Killed Blork the orc
  5471 | D:6      | Found a staircase to the Ecumenical Temple.
  5477 | Temple   | Entered the Ecumenical Temple
  5496 | Temple   | Became a worshipper of Warmaster Okawaru
  5527 | D:6      | Got a fine golden ring
  5573 | D:6      | Identified the ring "Luolityu" {+Inv rPois rN+} (You found it on level 6 of the Dungeon)
  5588 | D:6      | Found Wafuf's Assorted Antiques.
  5889 | D:6      | Found a bloodstained altar of Trog.
  5910 | D:6      | Reached * piety under Okawaru
  5983 | D:6      | Noticed Crazy Yiuf
  5988 | D:6      | Killed Crazy Yiuf
  6007 | D:6      | Got an ichor-stained mace
  6008 | D:6      | Identified the +5 mace of Pride {crush, +Blink} (You found it on level 6 of the Dungeon)
  6357 | D:7      | Gained mutation: You are partially covered in slimy green scales (AC +2). [mutagenic meat]
  6360 | D:7      | Gained mutation: You can translocate small distances at will. [mutagenic meat]
  6361 | D:7      | Gained mutation: You have a somewhat thin skeletal structure (Dex +2, Stealth). [mutagenic meat]
  6444 | D:7      | Reached XP level 10. HP: 64/64 MP: 10/10
  6793 | D:8      | Reached ** piety under Okawaru
  6816 | D:8      | Found a flagged portal.
  6821 | Bailey   | Entered a bailey
  6836 | Bailey   | Noticed an orc warlord
  6948 | Bailey   | Reached skill level 10 in Shields
  7066 | Bailey   | Found a runed gate.
  7068 | Bailey   | Found a runed gate.
  7073 | Bailey   | Found a runed gate.
  7209 | Bailey   | Killed an orc warlord
  7209 | Bailey   | Reached *** piety under Okawaru
  7209 | Bailey   | Reached skill level 1 in Evocations
  7223 | Bailey   | Got an ivory halberd
  7231 | Bailey   | Identified the +7 halberd of Bloody Death {freeze, rC+} (You found it in a bailey)
  7239 | Bailey   | Identified the Almanac of Evil Poisoning
  7365 | D:8      | Reached **** piety under Okawaru
  7922 | D:8      | Reached XP level 11. HP: 37/71 MP: 6/11
  8072 | D:9      | Noticed a hill giant
  8081 | D:9      | Killed a hill giant
  8164 | D:9      | Reached ***** piety under Okawaru
  8172 | D:9      | Reached skill level 10 in Armour
  8181 | D:9      | Reached skill level 10 in Fighting
  8416 | D:9      | Got a fine leather armour
  8436 | D:9      | Identified the cursed +0 leather armour "Agoamala" {rPois} (You found it on level 9 of the Dungeon)
  9303 | D:10     | Entered Level 10 of the Dungeon
  9332 | D:10     | Found a staircase to the Lair.
  9552 | D:10     | Got a fine copper ring
  9554 | D:10     | Identified the ring of the Princess {+Inv Str+3 Stlth+} (You found it on level 10 of the Dungeon)
  9845 | D:11     | Noticed a hill giant
  9856 | D:10     | Killed a hill giant
  9999 | D:11     | Noticed a hill giant
 10004 | D:11     | Killed a hill giant
 10004 | D:11     | Received a gift from Okawaru
 10175 | D:11     | Reached XP level 12. HP: 55/80 MP: 9/12
 10334 | D:11     | Noticed a three-headed hydra
 10376 | D:11     | Killed a five-headed hydra
 10704 | D:11     | Found a staircase to the Orcish Mines.
 10938 | D:11     | Reached ****** piety under Okawaru
 11065 | D:12     | Noticed Gastronok
 11105 | D:12     | Noticed Rupert
 12081 | D:12     | Killed Gastronok
 12081 | D:12     | Received a gift from Okawaru
 12105 | D:12     | Identified a +0 pair of boots of running (Okawaru gifted it to you on level 12 of the Dungeon)
 12153 | D:12     | Reached XP level 13. HP: 55/89 MP: 9/13
 12174 | D:12     | Paralysed by Rupert for 4 turns
 12899 | D:13     | Slain by a six-headed hydra

Vault maps used:
D:1:      minmay_arrival_up_and_down, minmay_shallow_snake_nest
D:2:      first_bread
D:3:      uniq_grinder, uniq_jessica, uniq_robin
D:5:      lemuel_crystal_altar, corexii_corridor_pit,
          hangedman_abyss_or_decor_stabs, tgw_xom
D:6:      trog_eyes_of_draining, minmay_temple_entry_hall, serial_shops,
          nicolae_shop_trees, zaba_anthole, uniq_crazy_yiuf_cottage,
          uniq_blork_the_orc
D:8:      enter_bailey_3, special_room
D:10:     lair_0_dummy
D:11:     boulder_corridor_run, erik_orc_1, hangedman_ranch
D:12:     uniq_rupert, uniq_gastronok
D:13:     minmay_crystal_box
Temple:   grunt_circular_temple_18
Bailey:   bailey_axe_bossmonster_kennysheep, bailey

Skill      XL: |  1  2  3  4  5  6  7  8  9 10 11 12 |
---------------+-------------------------------------+-----
Shields        | 4 6 7 8 9 11 | 11.5
Fighting       | 4 5 6 7 9 11 13 | 13.9
Armour         | 4 5 6 8 9 11 13 | 13.4
Maces & Flails | 3 4 5 6 7 |  7.1
Evocations     | 1 |  1.0
Short Blades   | |  0.3
Invocations    | |  0.2

Action                   |  1- 3 |  4- 6 |  7- 9 | 10-12 | 13-15 || total
-------------------------+-------+-------+-------+-------+-------++-------
Melee: Flail             |   118 |   228 |   142 |       |       ||   488
       Spear             |       |       |   274 |       |       ||   274
       Short sword       |       |       |    61 |       |       ||    61
       Mace              |       |       |    57 |   173 |    12 ||   242
       Halberd           |       |       |       |   686 |    36 ||   722
Throw: Javelin           |       |       |       |     5 |       ||     5
Invok: Heroism           |       |       |       |     1 |       ||     1
 Abil: Blink             |       |       |       |     2 |       ||     2
       Evoke Invisibilit |       |       |       |       |     1 ||     1
Evoke: Club              |       |       |     4 |     5 |       ||     9
  Use: Potion            |       |     1 |       |     2 |     2 ||     5
       Scroll            |       |       |       |     9 |       ||     9
 Stab: Confused          |       |       |     2 |       |       ||     2
       Petrified         |       |       |     2 |       |       ||     2
  Eat: Chunk             |       |     5 |    13 |    17 |     2 ||    37
       Meat ration       |       |       |     1 |       |       ||     1
       Beef jerky        |       |       |     1 |     2 |     1 ||     4
       Bread ration      |       |       |       |     2 |       ||     2
Armor: Scale mail        |   105 |    76 |       |       |       ||   181
       Chain mail        |       |    90 |   248 |   951 |   152 ||  1441
       Skin              |       |    21 |       |     2 |       ||    23
Dodge: Dodged            |    49 |    91 |   179 |   576 |    55 ||   950
Block: Shield            |    71 |   166 |    24 |    93 |       ||   354
       Buckler           |       |       |   198 |    20 |       ||   218
